 Dungeon Crawl Stone Soup version 0.28.0-43-g3370ac3207 (webtiles) character file.

Game seed: 15233205067835591385

56 Jinxxian the Grave Robber (level 3, 0/25 HPs)
             Began as a Demonspawn Necromancer on Mar 12, 2022.
             Succumbed to an adder's poison
             ... on level 3 of the Dungeon.
             The game lasted 00:06:01 (2122 turns).

Jinxxian the Grave Robber (Demonspawn Necromancer)  Turns: 2122, Time: 00:06:02

Health: 0/25       AC:  2    Str:  8    XL:     3   Next: 71%
Magic:  1/6        EV: 12    Int: 18    God:
Gold:   71         SH:  0    Dex: 13    Spells: 4/6 levels left

rFire   . . .      SeeInvis .   c - staff of death
rCold   . . .      Faith    .   (no shield)
rNeg    + . .      Spirit   .   a - +0 robe
rPois   .          Reflect  .   (no helmet)
rElec   .          Harm     .   (no cloak)
rCorr   .          Rampage  .   (no gloves)
Will    .....                   (no boots)
Stlth   ++........              (no amulet)
HPRegen 0.08/turn               (no ring)
MPRegen 0.10/turn               (no ring)

@: lethally poisoned (0 -> -3)
A: weakness stinger 1
a: no special abilities


You were on level 3 of the Dungeon.
You visited 1 branch of the dungeon, and saw 3 of its levels.

You collected 71 gold pieces.

Inventory:

Hand Weapons
 i - a +2 war axe of flaming
Missiles
 f - 64 stones
 j - 10 poisoned darts
 n - 14 bolts
Armour
 a - a +0 robe (worn)
Magical Staves
 c - a staff of death (weapon)
 e - a staff of death
Scrolls
 g - a scroll of vulnerability {unknown}
 h - a scroll of teleportation {unknown}
 l - a scroll of identify {unknown}
Potions
 b - a potion of haste {unknown}
 d - 2 potions of curing {unknown}
 k - a potion of resistance {unknown}
 m - a potion of cancellation {unknown}


   Skills:
 + Level 0.5 Fighting
 + Level 0.5 Staves
 + Level 0.4 Armour
 + Level 2.0 Dodging
 + Level 2.2 Stealth
 * Level 2.4 Spellcasting
 * Level 4.7 Necromancy
 + Level 0.9 Evocations


You had 4 spell levels left.
You knew the following spells:

 Your Spells              Type           Power      Damage    Failure   Level
a - Pain                  Necr           100%       1d9       2%          1
b - Animate Skeleton      Necr           58%        N/A       2%          1

Your spell library contained the following spells:

 Spells                   Type           Power      Damage    Failure   Level
 Vampiric Draining        Necr           29%        2d8       8%          3
 Foxfire                  Conj/Fire      8%         2x1d4     17%         1
 Animate Dead             Necr           14%        N/A       24%         4
 Conjure Flame            Conj/Fire      2%         6-21      45%         3
 Inner Flame              Hex/Fire       2%         N/A       45%         3
 Flame Wave               Conj/Fire      2%         2d4       86%         4
 Agony                    Necr           29%        N/A       56%         5


Dungeon Overview and Level Annotations

Branches:
Dungeon (3/15)

Altars:


Innate Abilities, Weirdness & Mutations

You have a small tail.


Message History

The adder poisons you!
Casting: Pain (safe; 2% risk of failure)
Confirm with . or Enter, or press ? or * to list all spells.
Aiming: Pain (safe; 2% risk of failure)
Press: ? - help, Shift-Dir - straight line, f/p - adder
Aim: an adder (severely wounded, chance to affect: 88%)
You feel a surge of power!
The adder writhes in agony.
You feel sick. The adder bites you.
You are lethally poisoned!
The adder poisons you!
Casting: Pain (safe; 2% risk of failure)
Confirm with . or Enter, or press ? or * to list all spells.
Aiming: Pain (safe; 2% risk of failure)
Press: ? - help, Shift-Dir - straight line, f/p - adder
Aim: an adder (almost dead, chance to affect: 88%)
You feel a surge of power!
The adder writhes in agony!
You kill the adder!
* * * LOW HITPOINT WARNING * * *
You feel very sick.
There is a lethal amount of poison in your body!
Casting: Pain (safe; 2% risk of failure)
Confirm with . or Enter, or press ? or * to list all spells.
You feel a surge of power!
You attempt to give life to the dead...
Before your eyes, flesh is ripped from the corpse!
The dead are slithering!
* * * LOW HITPOINT WARNING * * *
You feel sick.
There is a lethal amount of poison in your body!
Unknown command.
* * * LOW HITPOINT WARNING * * *
You feel sick.
There is a lethal amount of poison in your body!
* * * LOW HITPOINT WARNING * * *
You feel sick.
* * * LOW HITPOINT WARNING * * *
You feel sick.
Your magical contamination has completely faded away.
* * * LOW HITPOINT WARNING * * *
You feel sick.
You die...

. .. ......#.....
...#+#...........
#.#........##......
.##.#................
................#... .
..............#.#.# ..
..................# ...
.....)|@.Z........#...
..................<...
..........###....####
+###......###....#####..
.........#.............
..................###..
...................#
...................#
.......<.......####


You could see a friendly adder skeleton.

Vanquished Creatures
  3 adders
  2 dart slugs
  3 bats
  An endoplasm (D:2)
  A giant cockroach (D:1)
  3 goblins
  2 hobgoblins (D:1)
  2 kobolds (D:2)
  A quokka (D:2)
  A ball python (D:2)
  3 frilled lizards (D:1)
  3 rats
25 creatures vanquished.

Vanquished Creatures (collateral kills)
  An endoplasm (D:2)
1 creature vanquished.

Grand Total: 26 creatures vanquished

Notes
Turn   | Place    | Note
-------+----------+-------------------------------------------
     0 | D:1      | Jinxxian the Demonspawn Necromancer began the quest for the
                  | Orb.
     0 | D:1      | Reached XP level 1. HP: 13/13 MP: 3/3
     2 | D:1      | Learned a level 1 spell: Animate Skeleton
   657 | D:1      | Gained mutation: You have a small tail. [demonic ancestry]
   657 | D:1      | Reached XP level 2. HP: 17/19 MP: 3/5
   862 | D:1      | Found a faded altar of an unknown god.
  1364 | D:2      | Reached XP level 3. HP: 21/25 MP: 2/6
  2121 | D:3      | HP: 1/25 [poisoned by an adder]
  2122 | D:3      | Succumbed to an adder's poison

Illustrated notes

Levels and vault maps discovered:
D:1:      lightli_arrival_statue_moat, layout_rooms,
          chequers_ecumenical_altar_simple
D:2:      layout_loops_ring, grunt_ministairs_3
D:3:      layout_basic, lemuel_round_altar, pdpol_wu_jian_five_deadly_venoms,
          mainiacjoe_overflow_big_doors, uniq_sigmund, uniq_grinder, uniq_robin

Skill      XL: |  1  2 |
---------------+-------+-----
Stealth        | 2 |  2.2
Dodging        | 2 |  2.0
Fighting       | |  0.5
Staves         | |  0.5
Armour         | |  0.4
Spellcasting   | |  2.4
Necromancy     | |  4.7
Evocations     | |  0.9

Action                   || total
-------------------------++-------
Melee: Staff             ||     1
       Unarmed           ||     1
 Cast: Pain              ||    45
       Animate Skeleton  ||     7
Armor: Robe              ||     2
Dodge: Dodged            ||     9
